 Dungeon Crawl Stone Soup version 0.30.1-3-gfc49f6343a (webtiles) character file.

Game seed: 16462881933205331144

258 Peloso the Trooper (level 5, -1/48 HPs)
             Began as a Minotaur Fighter on July 29, 2023.
             Slain by an orc wizard
             ... wielding a +0 dagger
              (3 damage)
             ... on level 3 of the Dungeon.
             The game lasted 00:02:16 (1716 turns).

Peloso the Trooper (Minotaur Fighter)               Turns: 1716, Time: 00:02:16

Health: -1/48      AC:  9    Str: 21    XL:     5   Next: 94%
Magic:  4/4        EV:  8    Int:  5    God:
Gold:   131        SH:  0    Dex: 11    Spells: 4/4 levels left

rFire   . . .        a - +0 long sword
rCold   . . .        d - +0 buckler
rNeg    . . .        c - +0 chain mail
rPois   .            (helmet restricted)
rElec   .            (no cloak)
rCorr   .            (no gloves)
SInv    .            (no boots)
Will    .....        (no amulet) Stlth
                     (no ring)
HPRegen 0.28/turn    (no ring)
MPRegen 0.09/turn

%: no passive effects
@: confused, attractive
A: horns 2, retaliatory headbutt
a: no special abilities


You were on level 3 of the Dungeon.
You visited 1 branch of the dungeon, and saw 3 of its levels.

You collected 131 gold pieces.

Inventory:

Hand Weapons
 a - a +0 long sword (weapon)
Armour
 b - a +0 scale mail
 c - a +0 chain mail (worn)
 d - a +0 buckler (worn)
Jewellery
 e - a +6 ring of strength
 h - a ring of see invisible
Scrolls
 f - 3 scrolls of identify {unknown}
 g - a scroll of butterflies {unknown}
 j - a scroll of torment {unknown}
 l - a scroll of fear {unknown}
Potions
 k - a potion of might


   Skills:
 + Level 5.0 Fighting
 + Level 4.5 Long Blades
 + Level 4.8 Armour
 + Level 1.1 Dodging
 + Level 0.2 Stealth
 + Level 4.8 Shields


You had 4 spell levels left.
You didn't know any spells.
Your spell library was empty.

Dungeon Overview and Level Annotations

Branches:
Dungeon (3/15)

Altars:
Sif Muna


Innate Abilities, Weirdness & Mutations

You have a pair of horns on your head.
You reflexively headbutt those who attack you in melee.


Message History

The orc barely misses you.
Unknown command.
You bump into the rock wall.
Something hits you but does no damage. The orc hits you but does no damage.
Unknown command.
You bump into the rock wall.
Something hits you but does no damage. The orc hits you with a +0 whip.
Unknown command.
Something hits you but does no damage. The orc hits you with a +0 whip.
Things that are here:
a +0 short sword; an orc corpse Unknown command.
The orc hits you with a +0 whip.
* * * LOW HITPOINT WARNING * * *
Things that are here:
a +0 dagger; a +0 robe; an orc corpse Unknown command.
Something hits you.
* * * LOW HITPOINT WARNING * * *
The orc attacks as you move away! The orc hits you with a +0 whip.
* * * LOW HITPOINT WARNING * * *
You hear some strange, mumbled words.
Something tries to affect you, but you resist.
Something hits you.
* * * LOW HITPOINT WARNING * * *
The orc hits you but does no damage.
Unknown command.
You slash the orc!
You kill the orc!
An orc wizard appears from thin air!
Reactivating autopickup.
The orc wizard gestures at you while chanting.
The puff of flame hits you!
* * * LOW HITPOINT WARNING * * *
It was a potion of attraction.
You feel attractive to monsters.
The orc wizard hits you but does no damage.
You closely miss the orc wizard. The orc wizard closely misses you.
The orc wizard hits you with a +0 dagger.
You die...

####### #....<#
#.....# #..@..#
#..)o.# #.....#
#...(......#
#.............
.............##
#.#...........#
#...........<.#
##.......?>...


You could see an orc wizard.

Vanquished Creatures
  Sigmund (D:2)
  An orc wizard (D:3)
  2 adders (D:2)
  A worm (D:2)
  2 dart slugs
  2 orcs (D:3)
  2 bats
  4 endoplasms
  4 giant cockroaches
  6 goblins
  6 hobgoblins
  3 jackals (D:1)
  3 ball pythons
  2 frilled lizards
  5 rats
44 creatures vanquished.

Notes
Turn   | Place    | Note
-------+----------+-------------------------------------------
     0 | D:1      | Peloso the Minotaur Fighter began the quest for the Orb.
     0 | D:1      | Reached XP level 1. HP: 19/19 MP: 0/0
   263 | D:1      | Reached XP level 2. HP: 27/27 MP: 1/1
   359 | D:1      | Reached skill level 4 in Fighting
   880 | D:2      | Reached XP level 3. HP: 33/33 MP: 2/2
  1190 | D:2      | Found a shimmering blue altar of Sif Muna.
  1304 | D:2      | Noticed Sigmund
  1317 | D:2      | Killed Sigmund
  1318 | D:2      | Reached skill level 5 in Fighting
  1318 | D:2      | Reached skill level 1 in Dodging
  1318 | D:2      | Reached XP level 4. HP: 17/42 MP: 3/3
  1318 | D:2      | Reached XP level 5. HP: 19/48 MP: 4/4
  1714 | D:3      | HP: 1/48 [orc wizard/puff of flame (9)]
  1716 | D:3      | Slain by an orc wizard

Illustrated notes

Levels and vault maps discovered:
D:1:      dpeg_arrival_boxes_within_box, layout_basic, minmay_misc_feat_plants,
          amcnicky_mini_corridor_feature
D:2:      layout_loops_cross, basic_altar, uniq_sigmund
D:3:      layout_loops_cross, kennysheep_another_room, minmay_misc_feat_room

Skill      XL: |  1  2  3 |
---------------+----------+-----
Armour         | 4 |  4.8
Fighting       | 4 5 |  5.0
Shields        | 4 |  4.8
Long Blades    | 4 |  4.5
Dodging        | 1 |  1.1
Stealth        | |  0.2

Action                     |  1- 3 |  4- 6 || total
---------------------------+-------+-------++-------
  Melee: Long sword        |    94 |    22 ||   116
         Headbutt          |    14 |     2 ||    16
    Use: Potion            |       |     1 ||     1
 Armour: Scale mail        |    42 |       ||    42
         Chain mail        |       |    42 ||    42
  Dodge: Dodged            |    33 |    13 ||    46
  Block: Buckler           |    24 |    11 ||    35
